 Dungeon Sprint DCSS version 0.28-a0-938-gbc3f381ebc (webtiles) character file.

Game seed: 14624622410232451990

1000000 emperorscorpion the Eclecticist (level 12, -10/76 HPs)
             Began as a Djinni Hedge Wizard on Nov 28, 2021.
             Was a Follower of Makhleb.
             Mangled by a meat berserker (29 damage)
             ... in the Dungeon (Sprint VIII: "Arena of Blood").
             The game lasted 00:01:02 (10 turns).

emperorscorpion the Eclecticist (Djinni Hedge Wizard) Turns: 10, Time: 00:01:03

Health: -10/76     AC:  2    Str:  9    XL:     12   Next: 35%
Gold:   0          EV: 19    Int: 16    God:    Makhleb [*.....] SH:  0 Dex: 18

rFire   + + .      SeeInvis .   i - +∞ Axe of Woe
rCold   x . .      Faith    .   (shield currently unavailable)
rNeg    . . .      Spirit   .   b - +0 robe
rPois   ∞          Reflect  .   c - +0 hat
rElec   .          Harm     .   (no cloak)
rCorr   .          Rampage  .   (no gloves)
Will    +....      NoTele   +   (boots unavailable)
Stlth   ++++......              (no amulet)
HPRegen 0.22/turn               (no ring)
MPRegen 0.00/turn               (no ring)

@: flying
A: sickness immunity, fire resistance 2, cold vulnerability 1, float, innate
caster, hp casting, extra vitality 1
a: Renounce Religion


You were in the Dungeon.
You worshipped Makhleb.
Makhleb was aware of your devotion.
You visited 1 branch

Inventory:

Hand Weapons
 a - a +0 dagger
 i - the +∞ Axe of Woe (weapon)
   (You found it in the Dungeon)
Armour
 b - a +0 robe (worn)
 c - a +0 hat (worn)
Scrolls
 h - a scroll of blinking
Potions
 d - a potion of curing
 e - a potion of heal wounds
 f - a potion of haste
 g - a potion of berserk rage


   Skills:
 + Level 2.7 Fighting
 + Level 4.2 Axes
 + Level 11.9 Dodging
 + Level 9.1 Stealth
 + Level 19.7 Spellcasting


You had 24 spell levels left.
You knew the following spells:

 Your Spells              Type           Power      Damage    Failure   Level
a - Magic Dart            Conj           100%       1d8       0%          1
b - Blink                 Tloc           100%       N/A       0%          2
c - Call Imp              Summ           68%        N/A       0%          2
d - Slow                  Hex            100%       N/A       0%          1
e - Conjure Flame         Conj/Fire      68%        6-21      0%          3
f - Mephitic Cloud        Conj/Pois/Air  68%        N/A       0%          3
g - Beastly Appendage     Tmut           100%       N/A       0%          1
h - Wereblood             Tmut           68%        N/A       0%          2
i - Searing Ray           Conj           100%       2d8       0%          2
j - Cause Fear            Hex            34%        N/A       0%          4
k - Lee's Rapid Deconstr  Erth           34%        3d18*     1%          5
Your spell library was empty.

Dungeon Overview and Level Annotations

Branches:
Dungeon (1/1)

Altars:
Makhleb


Innate Abilities, Weirdness & Mutations

You are immune to sickness and miasma.
You are immune to poison.
Your flesh is very heat resistant. (rF++)
You are vulnerable to cold. (rC-)
You float through the air rather than walking.
You learn spells naturally, not from books.
Your magical power is your life essence.
You have superior vitality. (+4 HP)


Message History

Increase (S)trength, (I)ntelligence, or (D)exterity?
You feel agile. x2
Unknown command.
Press < or > to pray at altars.
A meat berserker comes into view. It is wielding a +9 battleaxe.
The bag of meat shouts!
The meat berserker shouts!
You hear a shout! x5
The meat berserker rages.
You hear a shout! x2
A bag of meat comes into view. It is wielding a +9 war axe.
You hear a shout!
A meat berserker comes into view. It is wielding a +9 battleaxe.
The meat berserker appears out of thin air!
A meat berserker comes into view. It is wielding a +9 battleaxe.
You hear a shout! x5
A bag of meat comes into view. It is wielding a +9 war axe.
You hear a shout!
A bag of meat comes into view. It is wielding a +9 war axe.
You hear a shout! x2
A meat berserker comes into view. It is wielding a +9 battleaxe.
You hear a shout! x8
A bag of meat comes into view. It is wielding a +9 war axe.
You hear a shout! x5
A meat berserker comes into view. It is wielding a +9 battleaxe.
You hear a shout! x6
A bag of meat comes into view. It is wielding a +9 war axe.
The meat berserker hits you with a +9 battleaxe!!!
Ouch! That really hurt!
* * * LOW HITPOINT WARNING * * *
A bag of meat comes into view. It is wielding a +9 war axe.
The bag of meat shouts!
The bag of meat shouts!
You slash the meat berserker!
You dissect the meat berserker like a pig carcass.
You kill the meat berserker!
Makhleb accepts your kill.
You can now gain health from killing.
The bag of meat appears out of thin air!
A bag of meat comes into view. It is wielding a +9 war axe.
You hear a shout! x3
The meat berserker hits you with a +9 battleaxe!!
You die...

o...... .......o..
....o.....o
.......o. #......o#
.. #......o# .O..
.###......)###.....
......###.O@.......
......._...........
....#..)..#..O...o#
. #_.<._#O.......
#.....#......#.
...o._...........
......###.........#
.###.. ...###.....
#.. ...# ....


You could see 4 meat berserkers and 8 bags of meat.

Vanquished Creatures
  2 ogres (D)
2 creatures vanquished.

Notes
Turn   | Place    | Note
-------+----------+-------------------------------------------
     0 | D        | Found the +∞ Axe of Woe
     0 | D        | emperorscorpion the Djinni Hedge Wizard began the quest for
                  | the Orb.
     0 | D        | Reached XP level 1. HP: 15/15 MP: 0/0
     1 | D        | Noticed a meat berserker
     2 | D        | Noticed a bag of meat
     4 | D        | Became a worshipper of Makhleb the Destroyer
     5 | D        | Killed a meat berserker
     6 | D        | Reached skill level 19 in Spellcasting
     6 | D        | Reached XP level 2. HP: 24/24 MP: 0/0
     6 | D        | Reached XP level 3. HP: 29/29 MP: 0/0
     6 | D        | Learned a level 1 spell: Beastly Appendage
     6 | D        | Reached XP level 4. HP: 34/34 MP: 0/0
     6 | D        | Reached XP level 5. HP: 39/39 MP: 0/0
     6 | D        | Learned a level 2 spell: Wereblood
     6 | D        | Reached XP level 6. HP: 45/45 MP: 0/0
     6 | D        | Reached XP level 7. HP: 49/49 MP: 0/0
     6 | D        | Learned a level 2 spell: Searing Ray
     6 | D        | Reached XP level 8. HP: 55/55 MP: 0/0
     6 | D        | Reached XP level 9. HP: 59/59 MP: 0/0
     6 | D        | Learned a level 4 spell: Cause Fear
     6 | D        | Reached XP level 10. HP: 65/65 MP: 0/0
     6 | D        | Reached XP level 11. HP: 70/70 MP: 0/0
     6 | D        | Learned a level 5 spell: Lee's Rapid Deconstruction
     6 | D        | Reached XP level 12. HP: 76/76 MP: 0/0
     6 | D        | Noticed a meat berserker
     6 | D        | Noticed a bag of meat
     7 | D        | Noticed a meat berserker
     7 | D        | Noticed a bag of meat
     7 | D        | Noticed a bag of meat
     8 | D        | Noticed a meat berserker
     8 | D        | Noticed a meat berserker
     8 | D        | Noticed a bag of meat
     9 | D        | Noticed a meat berserker
     9 | D        | Noticed a bag of meat
     9 | D        | Noticed a bag of meat
    10 | D        | Killed a meat berserker
    10 | D        | Reached * piety under Makhleb
    10 | D        | Mangled by a meat berserker

Illustrated notes

Levels and vault maps discovered:
D:        meatsprint

Skill      XL: |  1 |
---------------+----+-----
Fighting       | 2 |  2.7
Axes           | 4 |  4.2
Dodging        | 11 | 11.9
Stealth        | 9 |  9.1
Spellcasting   | 19 | 19.7

Action                   |  1- 3 |  4- 6 |  7- 9 | 10-12 || total
-------------------------+-------+-------+-------+-------++-------
Melee: Executioner's axe |     1 |       |       |     1 ||     2

Table legend: (Time is in decaauts)
 A = Elapsed time spent in this place.
 B = Non-inter-level travel time spent in this place.
 C = Inter-level travel time spent in this place.
 D = Time resting spent in this place.
 E = Time spent auto-exploring this place.
 F = Levels seen in this place.
 G = Mean time per level.
                   A        B        C        D        E       F      G
               +--------+--------+--------+--------+--------+-----+--------+
         Total |     10 |     10 |      0 |      0 |      0 |   1 |   10.0 |
       Dungeon |     10 |     10 |      0 |      0 |      0 |   1 |   10.0 |
               +--------+--------+--------+--------+--------+-----+--------+

Top non-repeatable levels by time:
       D: 10 daAuts
